 Dungeon Sprint DCSS version 0.30.1-4-g462c640d31 (webtiles) character file.

Game seed: 4668213391172195453

8773 Heoruswealwe the Fetichist (level 11, -4/48 HPs)
             Began as a Spriggan Artificer on Aug 27, 2023.
             Was a High Priest of Sif Muna.
             Splashed by a jelly's acid (8 damage)
             ... while paralysed by a floating eye
             ... in the Dungeon (Sprint I: "Red Sonja").
             The game lasted 00:23:56 (1151 turns).

Heoruswealwe the Fetichist (Spriggan Artificer)     Turns: 1151, Time: 00:23:57

Health: -4/48      AC:  1    Str:  8    XL:     11   Next: 14%
Magic:  27/27      EV:  4    Int: 16    God:    Sif Muna [*****.]
Gold:   742        SH:  0    Dex: 17    Spells: 33/33 levels left

rFire   . . .        a - +0 club
rCold   . . .        (no shield)
rNeg    . . .        b - +0 robe
rPois   .            (helmet restricted)
rElec   .            (no cloak)
rCorr   .            (gloves unavailable)
SInv    +            (boots unavailable)
Will    +....        (no amulet)
Stlth   +++++++      (no ring)
HPRegen 0.28/turn    (no ring)
MPRegen 0.20/turn

%: no teleportation
@: paralysed, very quick
A: very small, no large weapons, unfitting armour, see invisible, speed 3,
deformed body
a: Renounce Religion, Channel Magic, Forget Spell, Divine Exegesis


You were in the Dungeon.
You worshipped Sif Muna.
Sif Muna was extremely pleased with you.
You visited 1 branch You collected 1204 gold pieces.
You spent 462 gold pieces at shops.

Inventory:

Hand Weapons
 a - a +0 club (weapon)
Armour
 b - a +0 robe (worn)
Scrolls
 c - a scroll of blinking
 d - a scroll of magic mapping {unknown}
Potions
 f - 3 potions of curing
 h - a potion of haste
 i - 2 potions of magic
 j - a potion of berserk rage
 m - 2 potions of ambrosia
 o - a potion of flight


   Skills:
 - Level 0.7 Fighting
 + Level 14.7 Dodging
 + Level 16.9 Stealth
 * Level 11.5 Spellcasting
 + Level 8.1 Hexes
 + Level 9.7 Translocations
 * Level 12.5 Transmutations
 * Level 20.1 Evocations


You had 33 spell levels left.
You didn't know any spells.
Your spell library contained the following spells:

 Spells                   Type           Power      Damage    Failure   Level
 Cause Fear               Hex            17%        N/A       2%          4
 Yara's Violent Unravell  Hex/Tmut       21%        3d10      3%          5
 Inner Flame              Hex/Fire       22%        N/A       4%          3
 Cigotuvi's Dreadful Rot  Necr/Pois/Air  18%        N/A       12%         2
 Fulminant Prism          Conj/Hex       11%        3d9       14%         4
 Animate Dead             Necr           9%         N/A       61%         4
 Dispel Undead            Necr           9%         3d8       61%         4
 Flame Wave               Conj/Fire      9%         2d6       61%         4
 Sticky Flame             Conj/Fire      9%         2d3       61%         4
 Enfeeble                 Hex            17%        N/A       93%         7
 Ozocubu's Refrigeration  Ice            4%         4d8       100%        7
 Death's Door             Necr           4%         N/A       100%        9


Dungeon Overview and Level Annotations

Branches:
Dungeon (1/1)

Altars:
Cheibriados
Dithmenos
Elyvilon
Fedhas
Gozag
Hepliaklqana
Kikubaaqudgha
Makhleb
Nemelex Xobeh
Okawaru
Qazlal
Ru
Sif Muna
Trog
Uskayaw
Vehumet
Wu Jian
Xom
Yredelemnul
Zin
The Shining One
Jiyva
Lugonu

Shops:
D *[[*=(:![*::[?*[::![=


Innate Abilities, Weirdness & Mutations

You are very small and have problems with some larger weapons.
You are too small for most types of armour.
You have supernaturally acute eyesight. (SInv)
You cover ground extremely quickly. (Speed+++)
Armour fits poorly on your strangely shaped body.


Message History

You shrug off the repeated paralysis!
The jelly hits you.
You are splashed with acid!
The jelly closely misses you. The jelly hits you.
You are splashed with acid!
* * * LOW HITPOINT WARNING * * *
The jelly completely misses you.
The floating eye's stare focuses on you.
You can move again.
You enter the shallow water.
Moving in this stuff is going to be slow.
Found Hudune Jaoqu's Book Boutique and Woseholi's Distillery.
The floating eye gazes piercingly through you!
You shrug off the repeated paralysis!
The necrophage completely misses you.
Found Vawkoaby's Jewellery Emporium.
The necrophage attacks as you move away!
The necrophage completely misses you. The jelly attacks as you move away!
The jelly completely misses you.
Found seven shops.
There is an entrance to Hudune Jaoqu's Book Boutique here.
There is an entrance to Vawkoaby's Jewellery Emporium here.
The floating eye's stare focuses on you.
There is an entrance to Woseholi's Distillery here.
Found Sulenlel's General Store.
There is an entrance to Yschuus's Book Boutique here.
Found Iduteizi's Antique Armour Boutique.
There is an entrance to Rawn's Armour Shoppe here.
Found Sapnuwo's Book Shop.
There is an entrance to Xaeraif's Assorted Antiques here.
Okay, then.
Okay, then.
There is an entrance to Asegerr's Magic Scroll Emporium here.
c - a scroll of blinking Thank you for shopping at Asegerr's Magic Scroll Emporium!
The floating eye gazes piercingly through you!
You suddenly lose the ability to move!
The jelly quivers.
The jelly barely misses you. The jelly hits you.
* * * LOW HITPOINT WARNING * * *
You are splashed with acid!
You die...

#........#.)[[.#........#§#
#.....#..#######......§#§.#
#........# ![).....9§§####
#..#.....# /?....nJ.~~#
#........# .....nnn~~##
###''''### ##..~~nG###
#∩......∩# #.######.###
#........##∩∩########∩∩#
#∩......∩# #∩∩∩J@J∩G∩∩##
########## ############


You could see 2 jellies and a floating eye.

Vanquished Creatures
  2 centaur warriors (D)
  Sonja (D)
  2 demonic crawlers (D)
  2 kobold demonologists (D)
  2 unseen horrors (D)
  A hornet (D)
  A slime creature (D)
  A yak (D)
  2 floating eyes (D)
  A jelly (D)
  A ballistomycete spore (D)
16 creatures vanquished.

Vanquished Creatures (collateral kills)
  An oklob plant (D)
  8 shining eyes (D)
  A demonic crawler (D)
  Sigmund (D)
  2 redbacks (D)
  3 floating eyes (D)
  An ogre (D)
  3 jellies (D)
20 creatures vanquished.

Vanquished Creatures (others)
  A deep troll (D)
  A lindwurm (D)
  A demonic crawler (D)
  Ijyb (D)
  A ballistomycete spore (D)
5 creatures vanquished.

Grand Total: 41 creatures vanquished

Notes
Turn   | Place    | Note
-------+----------+-------------------------------------------
     0 | D        | Heoruswealwe the Spriggan Artificer began the quest for the
                  | Orb.
     0 | D        | Reached XP level 1. HP: 9/9 MP: 2/2
     1 | D        | Noticed Ijyb
    12 | D        | Noticed an ogre
    26 | D        | Killed an ogre
    27 | D        | Reached skill level 8 in Evocations
    27 | D        | Reached XP level 2. HP: 14/14 MP: 3/3
    27 | D        | Reached XP level 3. HP: 17/17 MP: 4/4
    27 | D        | Reached XP level 4. HP: 21/21 MP: 5/5
    39 | D        | Noticed Sigmund
    64 | D        | Killed Sigmund
    65 | D        | Reached skill level 11 in Evocations
    65 | D        | Reached XP level 5. HP: 25/25 MP: 6/6
    91 | D        | Found a burning altar of Makhleb.
    91 | D        | Found a viscous altar of Jiyva.
    91 | D        | Found a shimmering altar of Xom.
    91 | D        | Found a corrupted altar of Lugonu.
    91 | D        | Noticed a slime creature
    96 | D        | Your ally Ijyb died
   113 | D        | Killed a slime creature
   114 | D        | Reached skill level 13 in Evocations
   114 | D        | Reached XP level 6. HP: 29/29 MP: 7/7
   149 | D        | Noticed a kobold demonologist
   149 | D        | Noticed a floating eye
   150 | D        | Killed a floating eye
   150 | D        | Noticed a kobold demonologist
   151 | D        | Reached skill level 10 in Dodging
   151 | D        | Reached skill level 14 in Evocations
   151 | D        | Killed a kobold demonologist
   151 | D        | Killed a kobold demonologist
   152 | D        | Reached skill level 16 in Evocations
   152 | D        | Reached XP level 7. HP: 32/32 MP: 8/8
   152 | D        | Reached XP level 8. HP: 37/37 MP: 9/9
   165 | D        | Found an ornate altar of the Wu Jian Council.
   165 | D        | Found a shimmering blue altar of Sif Muna.
   172 | D        | Found a radiant altar of Vehumet.
   175 | D        | Got Wuivaprygupt's Vellum of Frostbound Diablerie
   178 | D        | Became a worshipper of Sif Muna the Loreminder
   200 | D        | Found Waithroc's Assorted Antiques.
   200 | D        | Found an ancient bone altar of Kikubaaqudgha.
   200 | D        | Found a hazy altar of Hepliaklqana.
   200 | D        | Found a stormy altar of Qazlal.
   200 | D        | Found a hide-covered altar of Uskayaw.
   200 | D        | Found a blossoming altar of Fedhas.
   200 | D        | Found a bloodstained altar of Trog.
   200 | D        | Found an iron altar of Okawaru.
   200 | D        | Found a basalt altar of Yredelemnul.
   200 | D        | Found a glowing golden altar of the Shining One.
   200 | D        | Found a snail-covered altar of Cheibriados.
   200 | D        | Found a sacrificial altar of Ru.
   200 | D        | Found a glowing silver altar of Zin.
   200 | D        | Found a shadowy altar of Dithmenos.
   200 | D        | Found a white marble altar of Elyvilon.
   206 | D        | Reached skill level 1 in Spellcasting
   206 | D        | Reached skill level 1 in Hexes
   206 | D        | Reached skill level 1 in Translocations
   209 | D        | Found an opulent altar of Gozag.
   210 | D        | Found a sparkling altar of Nemelex Xobeh.
   216 | D        | Bought a fuming inky potion for 22 gold pieces
   216 | D        | Bought a silvery potion for 22 gold pieces
   223 | D        | Noticed Sonja
   224 | D        | Killed Sonja
   225 | D        | Reached skill level 5 in Transmutations
   225 | D        | Reached skill level 17 in Evocations
   274 | D        | Found Tasmulut's General Store.
   282 | D        | Bought a scroll of identify for 28 gold pieces
   306 | D        | Noticed a centaur warrior
   306 | D        | Noticed a centaur warrior
   308 | D        | Killed a centaur warrior
   308 | D        | Reached * piety under Sif Muna
   309 | D        | Reached skill level 5 in Translocations
   309 | D        | Reached XP level 9. HP: 40/40 MP: 15/19
   311 | D        | Killed a centaur warrior
   312 | D        | Reached skill level 15 in Stealth
   312 | D        | Reached skill level 18 in Evocations
   346 | D        | Noticed a deep troll
   354 | D        | Found Vunk's Armour Emporium.
   387 | D        | Noticed a shining eye
   387 | D        | Noticed a shining eye
   387 | D        | Noticed a shining eye
   393 | D        | Killed a shining eye
   394 | D        | Reached skill level 5 in Hexes
   395 | D        | Reached ** piety under Sif Muna
   399 | D        | Killed a shining eye
   400 | D        | Reached XP level 10. HP: 44/44 MP: 20/23
   403 | D        | Killed a shining eye
   406 | D        | Killed a shining eye
   406 | D        | Reached *** piety under Sif Muna
   407 | D        | Reached skill level 10 in Transmutations
   408 | D        | Gained mutation: Armour fits poorly on your strangely
                  | shaped body. [a shining eye]
   410 | D        | Killed a shining eye
   419 | D        | Paralysed by a floating eye for 2 turns
   425 | D        | Paralysed by a floating eye for 2 turns
   430 | D        | Paralysed by a floating eye for 3 turns
   434 | D        | Reached skill level 19 in Evocations
   436 | D        | Noticed a shining eye
   449 | D        | Killed a shining eye
   450 | D        | Reached **** piety under Sif Muna
   459 | D        | Killed a shining eye
   460 | D        | Reached skill level 10 in Spellcasting
   460 | D        | Noticed a shining eye
   465 | D        | Killed a shining eye
   475 | D        | Found Eleost's Jewellery Shop.
   475 | D        | Found Keunoloil's Armour Shoppe.
   475 | D        | Found Hahyirux's Weapon Boutique.
   475 | D        | Found Itty's Armour Emporium.
   583 | D        | Noticed a demonic crawler
   583 | D        | Noticed a demonic crawler
   583 | D        | Noticed a demonic crawler
   583 | D        | Noticed a demonic crawler
   608 | D        | Killed a demonic crawler
   608 | D        | Reached ***** piety under Sif Muna
   608 | D        | Received a gift from Sif Muna
   622 | D        | Killed a demonic crawler
   623 | D        | Killed a demonic crawler
   755 | D        | Bought a wand of charming (5) for 300 gold pieces
   793 | D        | Noticed a lindwurm
   849 | D        | Noticed an oklob plant
   856 | D        | Killed an oklob plant
   857 | D        | Reached XP level 11. HP: 38/48 MP: 27/27
   892 | D        | HP: 2/48 [unseen horror (4)]
   896 | D        | Received a gift from Sif Muna
   897 | D        | Reached skill level 20 in Evocations
   911 | D        | Got Sif Muna's Advanced Guide to Theurgy {god gift}
  1127 | D        | Paralysed by a floating eye for 2 turns
  1134 | D        | Found Xili's Distillery.
  1134 | D        | Paralysed by a floating eye for 4 turns
  1139 | D        | Found Hudune Jaoqu's Book Boutique.
  1139 | D        | Found Woseholi's Distillery.
  1140 | D        | Found Vawkoaby's Jewellery Emporium.
  1142 | D        | Found Yschuus's Book Boutique.
  1142 | D        | Found Rawn's Armour Shoppe.
  1142 | D        | Found Xaeraif's Assorted Antiques.
  1142 | D        | Found Asegerr's Magic Scroll Emporium.
  1142 | D        | Found Jautsama's Antique Armour Boutique.
  1142 | D        | Found Cuucar's Book Shoppe.
  1142 | D        | Found Lacin's Book Shop.
  1145 | D        | Found Sulenlel's General Store.
  1146 | D        | Found Iduteizi's Antique Armour Boutique.
  1147 | D        | Found Sapnuwo's Book Shop.
  1149 | D        | Bought a scroll of blinking for 90 gold pieces
  1149 | D        | Paralysed by a floating eye for 2 turns
  1151 | D        | Splashed by a jelly's acid

Illustrated notes

Levels and vault maps discovered:
D:        dungeon_sprint_1 [red_sonja_temple_1, red_sonja_temple_small_1]

Skill      XL: |  1  2  3  4  5  6  7  8  9 10 11 |
---------------+----------------------------------+-----
Dodging        | 6 8 9 11 12 13 14 | 14.7
Stealth        | 6 9 11 13 14 15 16 | 16.9
Evocations     | 8 11 13 16 17 18 19 20 | 20.1
Spellcasting   | 6 8 11 | 11.5
Hexes          | 4 5 7 8 |  8.1
Translocations | 5 7 9 |  9.7
Transmutations | 6 9 12 | 12.5
Fighting       | |  0.7

Action                     |  1- 3 |  4- 6 |  7- 9 | 10-12 || total
---------------------------+-------+-------+-------+-------++-------
  Melee: Club              |       |       |     1 |    15 ||    16
         Punch             |       |       |       |     1 ||     1
  Evoke: Wand              |     8 |    12 |    12 |    28 ||    60
    Use: Scroll            |       |       |     3 |     1 ||     4
         Potion            |       |       |       |     2 ||     2
   Stab: Sleeping          |       |       |     1 |     1 ||     2
 Armour: Robe              |       |       |       |     1 ||     1
  Dodge: Dodged            |     2 |     2 |     1 |    31 ||    36
